 Dungeon Crawl Stone Soup version 0.27.1-3-gb3d3a73c9e (webtiles) character file.

Game seed: 8830022390969504000

35426 MisterFreud the Basher (level 13, -4/107 HPs)
             Began as a Minotaur Abyssal Knight on Oct 28, 2021.
             Was a High Priest of Lugonu.
             Killed from afar by a rime drake (14 damage)
             ... with a flash freeze
             ... on level 4 of the Lair of Beasts.
             The game lasted 00:21:24 (18209 turns).

MisterFreud the Basher (Minotaur Abyssal Knight)   Turns: 18209, Time: 00:21:24

Health: -4/107     AC: 22    Str: 22    XL:     13   Next: 47%
Magic:  19/19      EV: 11    Int:  9    God:    Lugonu [*****.]
Gold:   841        SH:  0    Dex: 10    Spells: 12/12 levels left

rFire    + + +     SeeInvis .   I - +7 great mace "Firestarter" {inner flame, rF++}
rCold    . . .     Faith    .   (shield currently unavailable)
rNeg     + . .     Spirit   .   B - +0 plate armour {rN+}
rPois    .         Reflect  .   (helmet restricted)
rElec    .         Harm     .   q - +2 cloak
rCorr    .         Rampage  .   g - +0 pair of gloves
Will     .....                  w - +2 pair of boots
Stlth    ..........             (no amulet)
HPRegen  0.27/turn              Q - ring of protection from fire
MPRegen  0.16/turn              C - +4 ring of evasion

@: no status effects
A: horns 2, retaliatory headbutt
a: Renounce Religion, Depart the Abyss, Bend Space, Banish, Corrupt, Enter the
Abyss


You were on level 4 of the Lair of Beasts.
You worshipped Lugonu.
Lugonu was extremely pleased with you.
You visited 2 branches of the dungeon, and saw 16 of its levels.
You visited the Abyss 1 time.

You collected 1073 gold pieces.
You spent 232 gold pieces at shops.

Inventory:

Hand Weapons
 a - a +1 falchion
 r - a +4 quarterstaff of chaos
 I - the +7 great mace "Firestarter" (weapon) {inner flame, rF++}
   (You took it off a centaur on level 10 of the Dungeon)

   It burns those it strikes, dealing additional fire damage.
   It fills those it strikes with an explosive inner flame.
   It grants immunity to clouds of flame.
   rF:        It greatly protects you from fire.
Missiles
 G - 14 poisoned darts (quivered)
 J - a curare-tipped dart
Armour
 b - a +0 leather armour
 c - a +0 ring mail
 g - a +0 pair of gloves (worn)
 j - a +0 scale mail
 q - a +2 cloak (worn)
 w - a +2 pair of boots (worn)
 B - a +0 plate armour of positive energy (worn)
Jewellery
 d - a +6 ring of dexterity
 C - a +4 ring of evasion (right hand)
 Q - a ring of protection from fire (left hand)
Wands
 i - a wand of iceblast (8)
 n - a wand of acid (9)
 A - a wand of mindburst (10)
 D - a wand of charming (8)
 L - a wand of flame (6)
Scrolls
 f - a scroll of enchant armour {unknown}
 h - 9 scrolls of teleportation
 k - a scroll of summoning {unknown}
 l - 3 scrolls of noise {unknown}
 m - 3 scrolls of magic mapping
 s - 3 scrolls of blinking
 v - a scroll of torment {unknown}
 y - 2 scrolls of silence {unknown}
 F - 2 scrolls of fog {unknown}
 H - a scroll of vulnerability {unknown}
 K - a scroll of fear
 P - a scroll of enchant weapon {unknown}
 R - a scroll of identify
Potions
 e - 3 potions of lignification
 o - 5 potions of flight
 p - 2 potions of might
 t - 5 potions of magic
 u - 7 potions of curing
 x - a potion of attraction
 z - 6 potions of mutation
 E - 3 potions of cancellation
 M - a potion of resistance
 N - a potion of berserk rage
 O - a potion of heal wounds


   Skills:
 - Level 8.0 Fighting
 - Level 2.4 Long Blades
 + Level 14.7(16.8) Maces & Flails
 - Level 14.0(16.4) Staves
 - Level 10.0 Armour
 - Level 1.1 Dodging
 - Level 10.0 Invocations
 - Level 6.0 Evocations


You had 12 spell levels left.
You didn't know any spells.
Your spell library contained the following spells:

 Spells                   Type           Power      Damage    Failure   Level
 Magic Dart               Conj           0%         1d3       99%         1
 Searing Ray              Conj           0%         3d3       100%        2
 Static Discharge         Conj/Air       0%         N/A       100%        2
 Gell's Gravitas          Tloc           0%         N/A       100%        3
 Lesser Beckoning         Tloc           0%         N/A       100%        3
 Teleport Other           Tloc           0%         N/A       100%        3
 Dispel Undead            Necr           0%         3d6       100%        4
 Fulminant Prism          Conj/Hex       0%         3d6       100%        4
 Sticky Flame             Conj/Fire      0%         2d3       100%        4
 Borgnjor's Revivificati  Necr           0%         N/A       100%        8
 Necromutation            Tmut/Necr      0%         N/A       100%        8
 Death's Door             Necr           0%         N/A       100%        9


Dungeon Overview and Level Annotations

Branches:
Dungeon (12/15)            Temple (0/1) D:5            Lair (4/6) D:8
    Orc (0/2) D:10
  Swamp: Lair:2-4    Shoals: Lair:2-4     Snake: Lair:2-4    Spider: Lair:2-4

Altars:
Ashenzari
Dithmenos
Elyvilon
Fedhas
Kikubaaqudgha
Makhleb
Okawaru
Ru
Trog
Uskayaw
Xom
Zin

Shops:
D:6 *   D:9 =

Annotations:
D:4 3 runed translucent doors, ocehb's ghost, novice GnWn; othur's ghost, novice HOFi


Innate Abilities, Weirdness & Mutations

You have a pair of horns on your head.
You reflexively headbutt those who attack you in melee.


Message History

The acid corrodes the elephant!
The elephant is moderately wounded.
Unknown command.
Unknown command.
Aiming: Iceblast
Press: ? - help, Shift-Dir - straight line, f/p - elephant
Aim: an elephant (moderately wounded, covered in acid)
The mass of ice explodes!
The iceblast engulfs the elephant!
The elephant is heavily wounded.
The iceblast engulfs the elephant!
The elephant is heavily wounded.
The elephant is engulfed in blazing flames.
Unknown command.
Unknown command.
Unknown command.
You thump the elephant! You burn the elephant.
The elephant is filled with an inner flame.
The elephant is almost dead.
The elephant tramples you but does no damage.
The elephant closely misses you.
You sock the elephant!
Flame seeps out of the elephant.
You burn the elephant.
Flame seeps out of the elephant.
The elephant is almost dead.
A nearby plant withers and dies.
The elephant is engulfed in blazing flames.
Lugonu accepts your kill.
The elephant explodes!
The fiery explosion engulfs the elephant!!!
You kill the elephant!
Lugonu accepts your kill. The fiery explosion engulfs you. You resist.
* * * LOW HITPOINT WARNING * * *
Unknown command.
Unknown command.
Unknown command.
You start resting.
A rime drake comes into view.
The rime drake breathes ice at you. The flash freeze hits you!
You die...

# .. #+.###
####
......#+##..#
..........§☼##
#..k<..☼@§#
#......§☼○#
##........#
#........##
.Y##+####.#
##. ### #


You could see a rime drake (catching breath).

Vanquished Creatures
  3 hydras
  A boulder beetle (D:12)
  Erica (D:9)
  9 two-headed ogres
  Pikel (D:7)
  A harpy (shapeshifter) (D:9)
  2 ugly things (D:12)
  A wolf spider (Lair:2)
  A manticore (D:11)
  4 black mambas
  6 elephants (Lair:4)
  4 cane toads (Lair:2)
  A gargoyle (D:10)
  Maurice (D:8)
  Joseph (D:8)
  Maggie (D:6)
  3 rime drakes
  4 komodo dragons
  6 trolls
  A hornet (Lair:2)
  4 blink frogs (Lair:3)
  34 yaks
  A shadow (D:10)
  A wyvern (Lair:3)
  A wraith (D:11)
  2 basilisks
  7 vampire mosquitoes
  A naga (Lair:3)
  2 acid dragons (D:10)
  7 water moccasins
  8 orc warriors
  An ice beast (D:6)
  A sky beast (D:6)
  5 ogres
  7 centaurs
  8 wolves
  A kobold brigand (D:10)
  6 bullfrogs
  2 gnoll sergeants
  2 scorpions
  15 wights
  5 howler monkeys
  3 electric eels (D:8)
  A bullfrog zombie (D:5)
  6 centaur zombies
  A crimson imp (D:7)
  Crazy Yiuf (D:3)
  A bullfrog skeleton (D:4)
  5 hounds (D:8)
  8 orc priests
  An iguana (D:5)
  14 orc wizards
  Ijyb (D:3)
  A killer bee zombie (D:8)
  15 adders
  6 gnolls
  An adder skeleton (D:4)
  2 worms (D:2)
  A dart slug (D:4)
  41 orcs
  3 bats
  4 endoplasms
  4 giant cockroaches
  11 goblins
  5 hobgoblins
  7 jackals
  5 quokkas
  6 ball pythons
  A frilled lizard (D:1)
  12 kobolds
  4 rats
344 creatures vanquished.

Vanquished Creatures (others)
  A bush (Lair:3)
  24 fungi
  59 plants
84 creatures vanquished.

Grand Total: 428 creatures vanquished

Notes
Turn   | Place    | Note
-------+----------+-------------------------------------------
     0 | Abyss:1  | MisterFreud the Minotaur Abyssal Knight began the quest for
                  | the Orb.
     0 | Abyss:1  | Reached XP level 1. HP: 19/19 MP: 1/1
    87 | Abyss:1  | Noticed a wight
    88 | D:1      | Escaped the Abyss
   359 | D:1      | Reached XP level 2. HP: 26/28 MP: 2/2
   362 | D:1      | Reached * piety under Lugonu
   911 | D:2      | Reached skill level 5 in Fighting
   911 | D:2      | Reached XP level 3. HP: 26/36 MP: 3/3
  1160 | D:2      | Reached XP level 4. HP: 36/44 MP: 4/4
  1414 | D:2      | Reached ** piety under Lugonu
  1753 | D:3      | Noticed Ijyb
  1823 | D:3      | Found a sacrificial altar of Ru.
  2003 | D:3      | Killed Ijyb
  2004 | D:3      | Reached XP level 5. HP: 51/51 MP: 5/5
  2299 | D:3      | Found a runed translucent door.
  2300 | D:3      | Noticed Crazy Yiuf
  2397 | D:3      | Killed Crazy Yiuf
  2624 | D:4      | Found a broken altar of Ashenzari.
  2680 | D:4      | Noticed an ogre
  3025 | D:3      | Reached XP level 6. HP: 55/58 MP: 6/6
  3057 | D:4      | Found a runed translucent gate.
  3057 | D:4      | Found a runed translucent gate.
  3057 | D:4      | Found a runed translucent gate.
  3104 | D:4      | Reached skill level 1 in Staves
  3235 | D:4      | Reached XP level 7. HP: 50/68 MP: 7/7
  3484 | D:4      | Found a bloodstained altar of Trog.
  3484 | D:4      | Found a white marble altar of Elyvilon.
  3536 | D:4      | Noticed othur's ghost (novice HOFi)
  3536 | D:4      | Noticed ocehb's ghost (novice GnWn)
  3628 | D:5      | Entered Level 5 of the Dungeon
  3787 | D:5      | Reached skill level 5 in Armour
  3860 | D:5      | Found an ancient bone altar of Kikubaaqudgha.
  3867 | D:5      | Reached skill level 5 in Staves
  3876 | D:5      | Reached *** piety under Lugonu
  4088 | D:5      | Found a staircase to the Ecumenical Temple.
  4354 | D:6      | Reached XP level 8. HP: 74/74 MP: 8/8
  4594 | D:6      | Found Ysseox's Assorted Antiques.
  4599 | D:6      | Bought a pair of embroidered boots for 232 gold pieces
  4709 | D:6      | Found a blossoming altar of Fedhas.
  4812 | D:6      | Noticed Maggie
  4823 | D:6      | Killed Maggie
  5863 | D:7      | Reached skill level 10 in Staves
  6139 | D:7      | Found a burning altar of Makhleb.
  6139 | D:7      | Found a shimmering altar of Xom.
  6221 | D:7      | Reached XP level 9. HP: 75/81 MP: 9/9
  6319 | D:7      | Found a glowing silver altar of Zin.
  6771 | D:8      | Noticed Pikel
  6788 | D:7      | Killed Pikel
  7108 | D:8      | Noticed Joseph
  7138 | D:8      | Killed Joseph
  7487 | D:8      | Noticed Maurice
  7500 | D:8      | Killed Maurice
  7501 | D:8      | Reached XP level 10. HP: 88/88 MP: 10/10
  7521 | D:8      | Reached **** piety under Lugonu
  7812 | D:8      | Found a hide-covered altar of Uskayaw.
  7824 | D:8      | Reached skill level 10 in Armour
  8174 | D:8      | Found a staircase to the Lair.
  8174 | D:8      | Identified the +9 dagger of Patience {vamp, Drain Will+++
                  | Dex+5}
  8625 | D:9      | Noticed a harpy
  8629 | D:9      | Killed a harpy
  8630 | D:9      | Reached skill level 5 in Invocations
  9112 | D:9      | Noticed a two-headed ogre
  9123 | D:9      | Killed a two-headed ogre
  9124 | D:9      | Reached XP level 11. HP: 44/94 MP: 14/14
  9515 | D:9      | Found Qinuf's Jewellery Boutique.
  9616 | D:9      | Noticed Erica
  9628 | D:9      | Killed Erica
  9877 | D:10     | Entered Level 10 of the Dungeon
 10015 | D:10     | Found an iron altar of Okawaru.
 10262 | D:10     | Found a shadowy altar of Dithmenos.
 10377 | D:10     | Noticed a two-headed ogre
 10395 | D:10     | HP: 2/94 [two-headed ogre (7)]
 10791 | D:10     | Killed a two-headed ogre
 11111 | D:10     | Noticed a two-headed ogre
 11120 | D:10     | Killed a two-headed ogre
 11121 | D:10     | Reached skill level 10 in Invocations
 11123 | D:10     | Reached skill level 1 in Evocations
 11255 | D:10     | Noticed a two-headed ogre
 11263 | D:10     | Killed a two-headed ogre
 11275 | D:10     | Reached ***** piety under Lugonu
 11927 | D:11     | Reached skill level 1 in Maces & Flails
 12206 | D:11     | Reached skill level 5 in Evocations
 12617 | D:11     | Noticed a four-headed hydra
 12623 | D:11     | Killed a four-headed hydra
 12624 | D:11     | Reached XP level 12. HP: 56/101 MP: 18/18
 13234 | D:10     | Found a staircase to the Orcish Mines.
 13276 | D:10     | Noticed a two-headed ogre
 13279 | D:10     | Killed a two-headed ogre
 13280 | D:10     | Reached skill level 5 in Maces & Flails
 13538 | D:12     | Noticed a two-headed ogre
 13551 | D:12     | Killed a two-headed ogre
 13554 | D:12     | Noticed a two-headed ogre
 13561 | D:12     | Killed a two-headed ogre
 13870 | D:12     | Noticed a boulder beetle
 13878 | D:12     | Killed a boulder beetle
 14141 | D:12     | Noticed a two-headed ogre
 14149 | D:12     | Killed a two-headed ogre
 14329 | D:12     | Noticed a two-headed ogre
 14336 | D:12     | Killed a two-headed ogre
 14662 | D:12     | Noticed a four-headed hydra
 14669 | D:12     | Killed a four-headed hydra
 14670 | D:12     | Reached skill level 10 in Maces & Flails
 14822 | Lair:1   | Entered Level 1 of the Lair of Beasts
 15025 | Lair:1   | Found a shadowy altar of Dithmenos.
 15872 | Lair:1   | Noticed an eight-headed hydra
 15879 | Lair:1   | Killed an eight-headed hydra
 16298 | Lair:2   | Reached XP level 13. HP: 95/107 MP: 19/19
 18209 | Lair:4   | Killed from afar by a rime drake

Illustrated notes

Levels and vault maps discovered:
D:1:      zaba_arrival_water, layout_loops_ring
D:2:      layout_basic, nrook_mini_vaults
D:3:      layout_rooms, nicolae_ru_awakened_eye, st_stairs_1,
          uniq_crazy_yiuf_cottage, uniq_ijyb
D:4:      layout_basic, mainiacjoe_overflow_cross_hatched,
          gammafunk_temple_overflow_elements, gammafunk_ghost_cemetery
D:5:      layout_loops_ring, mainiacjoe_overflow_small_starburst,
          minmay_temple_entry_nine_rooms, roderic_malta_cross
D:6:      layout_basic, fedhas_altar_2, serial_shops, shop_statue,
          hangedman_decor_lopped, minivault_5, uniq_maggie
D:7:      layout_basic, grunt_temple_overflow_champion_of_chaos, zin_treasury,
          serial_aquarium, aquarium_bridge_long_joined
          [aquarium_subvault_window, aquarium_subvault_bridge,
          aquarium_subvault_window, aquarium_subvault_wall,
          aquarium_subvault_balcony, aquarium_subvault_window],
          aquarium_window_1, aquarium_window_corridor_2, aquarium_view_2c,
          aquarium_view_2d
D:8:      layout_loops_ring, nicolae_uskayaw_suspiria, erik_lair_island,
          uniq_joseph, uniq_pikel, uniq_maurice
D:9:      layout_irregular_city, serial_shops, kennysheep_mini, uniq_erica
D:10:     minmay_octagon_keep, layout_basic, kennysheep_little_box,
          amcnicky_altar_gilded, david_orc_1_choice
D:11:     layout_long_grid
D:12:     layout_loops_ring, serial_co_window_serial, co_window_corner_a,
          co_window_paths_a, co_window_corner_a, co_window_corner_a,
          co_window_of_opportunity_a, co_window_paths_a, co_window_corner_a,
          co_window_broadway_a, co_window_corner_b, co_window_2corner,
          co_window_2corner
Lair:1:   layout_long_grid, basic_altar, serial_bayou_shore_b,
          lemuel_fruit_fields, lemuel_fruit_tree, infiniplex_staircase_pool_2,
          lemuel_fruit_fields
Lair:2:   minmay_lair_venomous_thicket, layout_misc_corridors,
          grunt_megastairs_1
Lair:3:   layout_chaotic_city, minmay_snake_entry_guardpost_medium,
          beast_lair_carwin_3
Lair:4:   layout_roguey, swamp_mist_pool, uniq_nessos, uniq_urug

Skill      XL: |  1  2  3  4  5  6  7  8  9 10 11 12 13 |
---------------+----------------------------------------+-----
Fighting       | 4 5 6 7 8 |  8.0
Armour         | 3 4 5 6 9 10 | 10.0
Staves         | 3 6 10 12 14 | 14.0
Invocations    | 6 10 | 10.0
Evocations     | 5 6 |  6.0
Maces & Flails | 3 12 14 | 14.7
Long Blades    | |  2.4
Dodging        | |  1.1

Action                   |  1- 3 |  4- 6 |  7- 9 | 10-12 | 13-15 || total
-------------------------+-------+-------+-------+-------+-------++-------
Melee: Falchion          |    66 |    52 |       |       |       ||   118
       Headbutt          |    21 |    18 |    28 |    99 |    16 ||   182
       Quarterstaff      |       |    38 |   206 |   261 |       ||   505
       Great mace        |       |       |       |   126 |    92 ||   218
Throw: Dart              |       |       |       |     5 |       ||     5
Invok: Depart the Abyss  |     1 |       |       |       |       ||     1
Evoke: Wand              |       |     4 |     1 |     6 |     2 ||    13
  Use: Scroll            |       |     3 |     4 |     8 |       ||    15
       Potion            |       |       |       |     1 |     1 ||     2
 Stab: Distracted        |       |     1 |       |       |       ||     1
Armor: Leather armour    |    26 |    15 |       |       |       ||    41
       Scale mail        |       |    41 |    61 |       |       ||   102
       Plate armour      |       |       |    35 |   256 |    72 ||   363
Dodge: Dodged            |    38 |    43 |    73 |   179 |    57 ||   390
       Rpst.: Falchion   |    12 |     6 |       |       |       ||    18
